 Dungeon Crawl Stone Soup version 0.29.1-2-gbd0b4ee654 (webtiles) character file.

Game seed: 758560549712598747

155947 sanboga the Brawler (level 17, 0/140 HPs)
             Began as a Demonspawn Berserker on Nov 30, 2022.
             Was the Champion of Trog.
             Slain by a seven-headed hydra simulacrum (32 damage)
             ... on level 4 of the Swamp.
             The game lasted 00:43:49 (24497 turns).

sanboga the Brawler (Demonspawn Berserker)         Turns: 24497, Time: 00:43:50

Health: 0/140      AC: 24    Str: 26    XL:     17   Next: 9%
Magic:  17/17      EV: 24    Int:  8    God:    Trog [******]
Gold:   311        SH:  0    Dex: 13    Spells: 16/16 levels left

rFire   + . .      SeeInvis +     - Unarmed
rCold   . . .      Faith    .   (no shield)
rNeg    . . .      Spirit   .   K - +2 chain mail {rF+}
rPois   .          Reflect  .   (no helmet)
rElec   .          Harm     .   J - +2 cloak of the Thief {*Fog Slay-2 SInv Stlth+}
rCorr   .          Rampage  .   E - +0 pair of gloves
Will    +....                   (boots unavailable)
Stlth   ..........              B - amulet of Vitality {RegenMP++ Regen++}
HPRegen 1.93/turn               s - +4 ring of evasion
MPRegen 0.95/turn               C - ring of flight

@: mighty, agile, sanguine armoured, flying
A: hooves 3, ignite blood 2, powered by pain 2, sanguine armour 2, corrupting
presence 1
a: Renounce Religion, Berserk, Trog's Hand, Brothers in Arms


You were on level 4 of the Swamp.
You worshipped Trog.
Trog was exalted by your worship.
You visited 4 branches of the dungeon, and saw 26 of its levels.
You also visited: Ossuary and Volcano.

You collected 2895 gold pieces.
You spent 2584 gold pieces at shops.

Inventory:

Hand Weapons
 v - the +12 pair of quick blades "Gyre" and "Gimble" {protect}
   (You bought it in a shop on level 1 of the Orcish Mines)

   It grants its wielder temporary protection when it strikes (+7 to AC).
Armour
 E - a +0 pair of gloves (worn)
 J - the +2 cloak of the Thief (worn) {*Fog Slay-2 SInv Stlth+}
   (You found it in a volcano)

   It may release a thick cloud of smoke when the wearer is hurt.
   Slay:      It affects your accuracy & damage with ranged weapons and melee
   (-2).
   SInv:      It lets you see invisible.
   Stlth:     It makes you more stealthy.
 K - a +2 chain mail of fire resistance (worn)
Jewellery
 h - an amulet of faith
 s - a +4 ring of evasion (left hand)
 B - the amulet of Vitality (around neck) {RegenMP++ Regen++}
   (You found it on level 6 of the Dungeon)

   [amulet of magic regeneration]

   It increases your rate of magic regeneration.
   Regen:     It increases your rate of health regeneration.
 C - a ring of flight (right hand)
 F - an amulet of reflection
 H - a ring of ice
 I - a ring of protection from cold
Wands
 b - a wand of digging (7)
 d - a wand of light (4)
 f - a wand of polymorph (39)
 j - a wand of flame (56)
 k - a wand of mindburst (37)
 y - a wand of paralysis (43)
 A - a wand of iceblast (17)
Scrolls
 a - 2 scrolls of magic mapping
 e - 5 scrolls of blinking
 g - 8 scrolls of fear
 l - 11 scrolls of teleportation
 o - 3 scrolls of enchant weapon
 q - 4 scrolls of enchant armour
 r - 3 scrolls of silence
 t - 5 scrolls of identify
Potions
 c - 7 potions of might
 i - 10 potions of mutation
 m - 11 potions of curing
 n - 11 potions of heal wounds
 p - 2 potions of berserk rage
 u - 4 potions of resistance
 w - 5 potions of haste
 x - 2 potions of magic
 z - 2 potions of ambrosia
 D - a potion of cancellation
 G - a potion of invisibility


   Skills:
 + Level 14.6 Fighting
 - Level 2.8 Armour
 * Level 18.1 Dodging
 * Level 20.0 Unarmed Combat


You had 16 spell levels left.
You didn't know any spells.
Your spell library was empty.

Dungeon Overview and Level Annotations

Branches:
Dungeon (15/15)            Temple (0/1) D:5            Lair (5/5) D:8
  Swamp (4/4) Lair:2       Spider (0/4) Lair:3        Slime (0/5) Lair:5
    Orc (2/2) D:12            Elf (0/3) Orc:2        Vaults (0/5) D:14
 Depths (0/4) D:15        Ossuary (visited)         Volcano (visited)

Altars:
Cheibriados
Gozag
Kikubaaqudgha
Ru
Sif Muna
Trog
Wu Jian
Xom
Yredelemnul
Jiyva

Shops:
D:1 (   D:5 (   D:11 (   D:12 =   Orc:1 :(*(   Orc:2 *([!

Annotations:
D:6 3 runed translucent doors, mkat's ghost, novice TrNe


Innate Abilities, Weirdness & Mutations

You have hooves in place of feet.
Your demonic aura often causes spilled blood to erupt in flames.
You sometimes gain power by taking damage.
When seriously injured, your blood forms thick armour. (AC +9)
Your presence sometimes corrodes those you injure.


Message History

No target in view!
You now have 311 gold pieces (gained 18).
Found a leather armour.
No target in view!
Found an escape hatch in the ceiling.
No target in view!
A seven-headed hydra simulacrum comes into view.
A seven-headed hydra simulacrum is nearby!
A seven-headed hydra simulacrum is nearby!
A seven-headed hydra simulacrum is nearby!
A seven-headed hydra simulacrum is nearby!
The seven-headed hydra simulacrum barely misses you.
The seven-headed hydra simulacrum bites you but does no damage.
The seven-headed hydra simulacrum bites you!
The seven-headed hydra simulacrum freezes you!!
With a swish of your cloak, you release a cloud of fog.
You focus on the pain.
You feel agile all of a sudden.
The seven-headed hydra simulacrum completely misses you.
The seven-headed hydra simulacrum bites you.
The seven-headed hydra simulacrum freezes you!!!
You focus on the pain.
You feel very mighty all of a sudden.
Your blood congeals into armour.
The seven-headed hydra simulacrum bites you.
The seven-headed hydra simulacrum freezes you!!
* * * LOW HITPOINT WARNING * * *
The seven-headed hydra simulacrum bites you but does no damage.
You are too injured to fight recklessly!
You are too injured to fight recklessly!
A seven-headed hydra simulacrum is nearby!
You are too injured to fight recklessly!
Unknown command.
You punch the seven-headed hydra simulacrum!
The seven-headed hydra simulacrum is moderately damaged.
The seven-headed hydra simulacrum misses you.
The seven-headed hydra simulacrum bites you.
* * * LOW HITPOINT WARNING * * *
The seven-headed hydra simulacrum freezes you!!
You die...

~♣♣~.~~~.~ ~~~~~~.
.~..~~§.~ ~ ..~~~~
~~.~~~.~. ~~ .~~~♣♣
♣♣♣~~~.♣. ~~~ ♣....♣
♣~..~.~. ~~~~
♣♣♣....♣♣♣.♣♣♣.<.~
~~~~~♣♣~~§.♣♣~~~♣
♣♣~~~~
.~~§.§§§§§...~.♣
♣.~~~~
♣.§Z@§..~~~.♣♣♣♣..~~~
♣♣♣♣§§§.~~~~~~~~~~~~~
♣~§~~~~~.~§~§§§~~~~
♣..§~...♣♣.~~.~~~~~
~~~~♣♣♣♣♣♣♣♣~.♣....~
♣.~~~♣ ♣♣♣♣♣♣♣♣~
♣♣...♣ ♣. ♣♣♣♣♣ ♣♣


You could see a seven-headed hydra simulacrum.

Vanquished Creatures
  Saint Roka (Orc:2)
  Jorgrun (D:13)
  Kirke (Swamp:2)
  A fenstrider witch (Swamp:2)
  An orc warlord (Orc:2)
  Louise (Swamp:3)
  5 eleionomae
  2 dire elephants (Swamp:2)
  5 bunyips
  The ghost of Kubamp the Thaumaturge, a journeyman DEAE of Sif Muna (Lair:3)
  Josephine (Lair:5)
  A fire dragon (Volcano)
  A quicksilver dragon zombie (D:15)
  2 shambling mangroves (Swamp:3)
  3 ogre magi
  Fannar (Orc:1)
  11 hydras
  A ghost crab (Swamp:3)
  7 centaur warriors
  4 boulder beetles
  A spriggan air mage (Swamp:4)
  8 alligators
  13 two-headed ogres
  Erica (Orc:1)
  2 tengu warriors (D:15)
  A vampire mage (D:15)
  2 orc high priests (Orc:2)
  4 sun demons (Volcano)
  A deep elf knight (Swamp:2)
  2 skeletal warriors (D:15)
  6 goliath frogs
  A sea snake (shapeshifter) (D:14)
  A spark wasp zombie (D:15)
  3 bog bodies
  A swamp dragon (Swamp:3)
  5 spriggan druids
  2 orc knights
  A deep elf archer (Swamp:2)
  Pikel (D:6)
  A harpy (D:12)
  6 deep elf pyromancers
  2 necromancers
  An oklob plant (Lair:5)
  A tengu skeleton (D:15)
  A stone giant zombie (D:15)
  2 orc sorcerers
  2 will-o-the-wisps (Swamp:4)
  10 ugly things
  4 cyclopes
  4 manticores
  A guardian serpent (D:15)
  11 elephants
  A moth of wrath (shapeshifter) (D:14)
  3 torpor snails
  9 black mambas
  3 smoke demons (Volcano)
  2 gargoyles
  13 komodo dragons
  3 kobold demonologists
  5 yaktaurs
  A rime drake (Lair:4)
  14 cane toads
  6 freezing wraiths
  A tengu conjurer (D:12)
  7 trolls
  18 polar bears
  5 tyrant leeches
  3 meliai
  A troll (shapeshifter) (D:15)
  9 hornets
  28 blink frogs
  3 dream sheep (Lair:5)
  Prince Ribbit (D:8)
  2 water elementals (D:12)
  9 spriggans
  4 wraiths
  A vampire (D:14)
  2 shadows
  95 yaks
  5 basilisks
  5 wyverns
  3 hogs (Swamp:2)
  6 vampire mosquitoes
  6 steam dragons
  2 swamp worm simulacra (Swamp:4)
  13 swamp worms
  Menkaure (D:7)
  11 water moccasins
  10 wargs
  Duvessa (D:7)
  2 acid dragons
  A floating eye (shapeshifter) (D:12)
  22 hell hounds
  A hydra simulacrum (Swamp:4)
  35 orc warriors
  23 black bears
  A swamp drake (Swamp:3)
  4 sky beasts (D:7)
  6 ogres
  22 wolves
  9 centaurs
  A phantom (D:5)
  3 kobold brigands
  9 bullfrogs
  2 necrophages
  A gnoll sergeant (D:8)
  2 scorpions
  11 wights
  Dowan (D:7)
  21 killer bees
  7 electric eels
  3 howler monkeys
  2 hounds
  5 jellies
  Crazy Yiuf (D:7)
  12 orc priests
  3 gnoll boudas
  6 iguanas
  24 orc wizards
  7 hell rats (Lair:5)
  A killer bee zombie (D:7)
  8 mummies (Ossuary)
  15 gnolls
  7 adders
  4 shadow imps
  An ufetubus (D:5)
  5 swamp drake simulacra (Swamp:4)
  5 worms
  3 dart slugs
  89 orcs
  4 endoplasms
  2 giant cockroaches
  2 gnoll zombies (Ossuary)
  9 goblins
  5 hobgoblins
  6 jackals
  18 kobolds
  6 quokkas
  3 training dummies (D:11)
  4 ball pythons
  3 bats
  8 frilled lizards
  2 hobgoblin zombies (Ossuary)
  3 kobold zombies (Ossuary)
  An orc zombie (Ossuary)
  5 rats
  A bush (Lair:5)
  A butterfly (D:5)
933 creatures vanquished.

Vanquished Creatures (others)
  A hydra (Swamp:4)
  A boulder beetle (Lair:5)
  A spriggan druid (Swamp:4)
  A bloated husk (Swamp:1)
  A blink frog (Lair:5)
  2 yaks (Lair:5)
  An orc (Orc:2)
  2 foxfires (Swamp:4)
  35 fungi
  64 plants
  3 withered plants (D:15)
112 creatures vanquished.

Grand Total: 1045 creatures vanquished

Notes
Turn   | Place    | Note
-------+----------+-------------------------------------------
     0 | D:1      | sanboga the Demonspawn Berserker began the quest for the
                  | Orb.
     0 | D:1      | Reached XP level 1. HP: 18/18 MP: 1/1
   198 | D:1      | Reached skill level 3 in Unarmed Combat
   200 | D:1      | Gained mutation: When seriously injured, your blood forms
                  | armour. (AC +9) [demonic ancestry]
   200 | D:1      | Reached XP level 2. HP: 12/24 MP: 2/2
   549 | D:1      | Found Ihyipt's Antique Weapon Emporium.
  1219 | D:1      | Found a faded altar of an unknown god.
  1269 | D:1      | Reached XP level 3. HP: 29/29 MP: 3/3
  2066 | D:3      | Reached ** piety under Trog
  2074 | D:2      | Gained mutation: When seriously injured, your blood forms
                  | thick armour. (AC +9) [demonic ancestry]
  2074 | D:2      | Reached XP level 4. HP: 21/35 MP: 4/4
  2167 | D:3      | Reached skill level 4 in Unarmed Combat
  2190 | D:3      | Reached XP level 5. HP: 21/42 MP: 5/5
  2707 | D:4      | Gained mutation: You sometimes gain a little power by
                  | taking damage. [demonic ancestry]
  2707 | D:4      | Reached XP level 6. HP: 37/48 MP: 6/6
  2898 | D:4      | Reached *** piety under Trog
  2930 | D:4      | Found an opulent altar of Gozag.
  3126 | D:4      | Reached skill level 5 in Unarmed Combat
  3422 | D:5      | Entered Level 5 of the Dungeon
  3430 | D:5      | Found a sand-covered staircase.
  3435 | Ossuary  | Entered an ossuary
  3543 | Ossuary  | Gained mutation: You sometimes gain power by taking damage.
                  | [demonic ancestry]
  3543 | Ossuary  | Reached XP level 7. HP: 46/55 MP: 7/7
  3785 | D:5      | Found a staircase to the Ecumenical Temple.
  3876 | D:5      | Found a large runed translucent door.
  3877 | D:5      | Found a large runed translucent door.
  4011 | D:5      | Found a shimmering altar of Xom.
  4077 | D:5      | Reached **** piety under Trog
  4250 | D:5      | Found Maehun's Antique Weapon Shoppe.
  4287 | D:5      | Reached skill level 5 in Fighting
  4287 | D:5      | Reached skill level 6 in Unarmed Combat
  4459 | D:5      | Found a sacrificial altar of Ru.
  4548 | D:5      | Found a shimmering blue altar of Sif Muna.
  4553 | D:5      | Found an ornate altar of the Wu Jian Council.
  4582 | D:6      | Gained mutation: You have large cloven feet. [demonic
                  | ancestry]
  4582 | D:6      | Reached XP level 8. HP: 62/62 MP: 8/8
  4846 | D:6      | Noticed Pikel
  4847 | D:6      | Found the amulet of Vitality {RegenMP++ Regen++}
  4855 | D:6      | Killed Pikel
  4856 | D:6      | Reached skill level 5 in Dodging
  4856 | D:6      | Reached skill level 7 in Unarmed Combat
  4944 | D:6      | Found a runed translucent gate.
  4944 | D:6      | Found a runed translucent gate.
  4944 | D:6      | Found a runed translucent gate.
  4947 | D:6      | Noticed mkat's ghost (novice TrNe)
  5112 | D:6      | Found a snail-covered altar of Cheibriados.
  5647 | D:7      | Found an ancient bone altar of Kikubaaqudgha.
  5649 | D:7      | Noticed Menkaure
  5652 | D:7      | Found a basalt altar of Yredelemnul.
  5668 | D:7      | Found a transporter.
  5703 | D:7      | Found a transporter.
  5737 | D:7      | Killed Menkaure
  5936 | D:7      | Noticed a moth of wrath
  5937 | D:7      | Noticed Duvessa
  5937 | D:7      | Noticed Dowan
  5957 | D:7      | Killed Duvessa
  5958 | D:7      | Gained mutation: You have hoof-like feet. [demonic
                  | ancestry]
  5958 | D:7      | Reached XP level 9. HP: 69/69 MP: 9/9
  5991 | D:7      | Killed Dowan
  5997 | D:7      | Found a bloodstained altar of Trog.
  6137 | D:7      | Found a runed translucent door.
  6138 | D:7      | Noticed Crazy Yiuf
  6444 | D:7      | Reached skill level 8 in Unarmed Combat
  6587 | D:7      | Killed Crazy Yiuf
  6885 | D:8      | Noticed Prince Ribbit
  6914 | D:8      | Killed Prince Ribbit
  7057 | D:8      | Reached skill level 9 in Unarmed Combat
  7074 | D:8      | Reached XP level 10. HP: 75/79 MP: 10/10
  7379 | D:8      | Found a staircase to the Lair.
  7496 | D:9      | Noticed a centaur warrior
  7519 | D:9      | Killed a centaur warrior
  7607 | D:9      | Reached ***** piety under Trog
  7724 | D:9      | Reached skill level 10 in Unarmed Combat
  8242 | D:10     | Entered Level 10 of the Dungeon
  8658 | D:10     | Reached XP level 11. HP: 86/86 MP: 11/11
  8819 | D:10     | Noticed a centaur warrior
  8834 | D:10     | Killed a centaur warrior
  9097 | D:10     | Identified a scroll of acquirement
  9097 | D:10     | Acquired a manual of Unarmed Combat
  9237 | D:10     | Reached skill level 10 in Dodging
  9277 | D:11     | Noticed a sun demon
  9288 | D:10     | Reached skill level 11 in Unarmed Combat
  9401 | D:11     | You fall into a shaft and drop 1 floor!
  9440 | D:12     | Found a staircase to the Orcish Mines.
  9466 | D:12     | Noticed a two-headed ogre
  9495 | D:12     | Killed a two-headed ogre
  9592 | D:12     | Reached skill level 12 in Unarmed Combat
  9812 | D:12     | Noticed a boulder beetle
  9838 | D:12     | Killed a boulder beetle
 10353 | D:12     | Found Haoniv's Jewellery Emporium.
 10489 | D:12     | Noticed an eight-headed hydra
 10498 | D:12     | Killed an eight-headed hydra
 10614 | D:12     | Noticed a harpy
 10617 | D:12     | Noticed a four-headed hydra
 10627 | D:12     | Reached skill level 13 in Unarmed Combat
 10632 | D:12     | Gained mutation: Your demonic aura sometimes causes spilled
                  | blood to erupt in flames. [demonic ancestry]
 10632 | D:12     | Reached XP level 12. HP: 78/96 MP: 12/12
 10679 | D:12     | Killed a four-headed hydra
 11556 | D:11     | Found Rualij's Firing Range.
 11868 | D:13     | Reached skill level 14 in Unarmed Combat
 11980 | D:13     | Noticed Jorgrun
 12014 | D:13     | Killed Jorgrun
 12015 | D:13     | Reached skill level 10 in Fighting
 12202 | D:13     | Noticed a boulder beetle
 12226 | D:13     | Killed a boulder beetle
 12257 | D:13     | Noticed a centaur warrior
 12265 | D:13     | Killed a centaur warrior
 12295 | D:13     | Reached skill level 15 in Unarmed Combat
 12584 | D:14     | Noticed an ogre mage
 12590 | D:14     | Killed an ogre mage
 12593 | D:14     | Gained mutation: Your demonic aura often causes spilled
                  | blood to erupt in flames. [demonic ancestry]
 12593 | D:14     | Reached XP level 13. HP: 104/104 MP: 13/13
 12714 | D:14     | Found a gate to the Vaults.
 12805 | D:14     | Received a gift from Trog
 13067 | D:14     | Reached skill level 16 in Unarmed Combat
 13468 | D:15     | Entered Level 15 of the Dungeon
 13997 | D:15     | Gained mutation: You have hooves in place of feet. [demonic
                  | ancestry]
 13997 | D:15     | Reached XP level 14. HP: 38/113 MP: 14/14
 14073 | D:15     | Found a staircase to the Depths.
 14485 | D:15     | Reached skill level 17 in Unarmed Combat
 14790 | Lair:1   | Entered Level 1 of the Lair of Beasts
 15045 | Lair:1   | You are sucked into a shaft and drop 1 floor!
 15365 | Lair:2   | Received a gift from Trog
 15366 | Lair:2   | Reached skill level 15 in Dodging
 15374 | Lair:2   | Identified the +2 robe of the Monkey {Dex+4}
 15481 | Lair:2   | Found a staircase to the Swamp.
 15515 | Lair:2   | Reached ****** piety under Trog
 16228 | Lair:3   | Found a runed translucent gate.
 16229 | Lair:3   | Found a runed translucent gate.
 16230 | Lair:3   | Found a runed translucent gate.
 16233 | Lair:3   | Noticed Kubamp's ghost (journeyman DEAE)
 16252 | Lair:3   | Killed Kubamp's ghost
 16313 | Lair:3   | Received a gift from Trog
 16604 | Lair:3   | Found a hole to the Spider Nest.
 17075 | Lair:4   | Gained mutation: Your presence sometimes corrodes those you
                  | injure. [demonic ancestry]
 17075 | Lair:4   | Reached XP level 15. HP: 113/122 MP: 15/15
 17594 | Lair:4   | Reached skill level 18 in Unarmed Combat
 17922 | Lair:5   | Entered Level 5 of the Lair of Beasts
 17930 | Lair:5   | Found a viscous altar of Jiyva.
 17931 | Lair:5   | Found a staircase to the Slime Pits.
 17966 | Lair:5   | Received a gift from Trog
 17972 | Lair:5   | HP: 6/122 [boulder beetle (17)]
 18056 | Lair:5   | Noticed Josephine
 18066 | Lair:5   | Killed Josephine
 18774 | Lair:5   | Received a gift from Trog
 18974 | Lair:5   | Received a gift from Trog
 19649 | Orc:1    | Entered Level 1 of the Orcish Mines
 19799 | Orc:1    | Found Xierigea's Book Shoppe.
 19801 | Orc:1    | Noticed Erica
 19803 | Orc:1    | Noticed Fannar
 19821 | Orc:1    | Killed Fannar
 19821 | Orc:1    | Killed Erica
 19973 | Orc:2    | Entered Level 2 of the Orcish Mines
 19987 | Orc:2    | Found a dark tunnel.
 19993 | Volcano  | Entered a volcano
 20178 | Volcano  | Found the +2 cloak of the Thief {*Fog Slay-2 SInv Stlth+}
 20320 | Orc:2    | Noticed Saint Roka
 20542 | Orc:2    | Killed Saint Roka
 20543 | Orc:2    | Reached XP level 16. HP: 131/131 MP: 16/16
 20547 | Orc:2    | Received a gift from Trog
 20793 | Orc:2    | Found a staircase to the Elven Halls.
 20842 | Orc:2    | Reached skill level 19 in Unarmed Combat
 20948 | Orc:2    | Found Nagh's Distillery.
 21134 | Orc:2    | Found Vussik's Antique Weapon Shoppe.
 21136 | Orc:2    | Found Buthyhem's Antique Armour Emporium.
 21148 | Orc:2    | Bought a smoking chain mail for 199 gold pieces
 21148 | Orc:2    | Identified the +1 chain mail of the Bagpipe {Str+2} (You
                  | bought it in a shop on level 2 of the Orcish Mines)
 21258 | Orc:2    | Found Zyisemi's General Store.
 21382 | Orc:1    | Found Evuass's General Store.
 21390 | Orc:1    | Bought a potion of berserk rage for 70 gold pieces
 21390 | Orc:1    | Bought a scroll of blinking for 105 gold pieces
 21513 | Orc:1    | Found Fockaeja's Antique Weapon Boutique.
 21573 | Orc:1    | Bought the +12 pair of quick blades "Gyre" and "Gimble"
                  | {protect} for 2210 gold pieces
 21573 | Orc:1    | Found the +12 pair of quick blades "Gyre" and "Gimble"
                  | {protect}
 21581 | Orc:1    | Found Nafegh's Weapon Boutique.
 22005 | Swamp:1  | Entered Level 1 of the Swamp
 22820 | Swamp:2  | Received a gift from Trog
 23025 | Swamp:2  | Paralysed by a fenstrider witch for 5 turns
 23292 | Swamp:2  | Noticed Kirke
 23306 | Swamp:2  | Killed Kirke
 23733 | Swamp:3  | Noticed Louise
 23743 | Swamp:3  | Killed Louise
 23998 | Swamp:4  | Entered Level 4 of the Swamp
 24237 | Swamp:4  | Reached XP level 17. HP: 111/140 MP: 17/17
 24250 | Swamp:4  | Reached skill level 20 in Unarmed Combat
 24497 | Swamp:4  | Slain by a seven-headed hydra simulacrum

Illustrated notes

Levels and vault maps discovered:
D:1:      dpeg_arrival_three_bigger_balls, layout_basic,
          hellmonk_ecumenical_altar_inner_sanctum, serial_shops,
          nicolae_shop_hallway_plus, hangedman_feature_mirror,
          minmay_fountain_box, nrook_mini_backslash
D:2:      layout_loops_ring, columned_hall_lemuel, item_on_display_a
D:3:      layout_rooms, nicolae_figureground_pulse
D:4:      layout_basic, mainiacjoe_overflow_concentric_impassable,
          mainiacjoe_overflow_six_doors_small, chequers_serial_rivers_small_b,
          nrook_campfire
D:5:      layout_loops_ring, xom_butterflies, nicolae_ru_path_of_blood,
          jmf_multi_god_temple2, minmay_temple_entry_stoned_glass,
          enter_ossuary_2, serial_shops, nicolae_square_shop
D:6:      layout_cave_pods, chei_slow_surprise, gammafunk_ghost_nasty_kobolds,
          lemuel_flame_loot_1, uniq_pikel
D:7:      layout_basic, gammafunk_temple_of_torment, tgw_trog, uniq_duvessa,
          uniq_crazy_yiuf_cottage
D:8:      layout_rooms, erik_lair_dragon, st_stairs_6, minivault_5,
          uniq_prince_ribbit1
D:9:      layout_loops_ring, amcnicky_mini_rare_corridor_liquid
D:10:     layout_basic
D:11:     layout_long_grid, nicolae_shop_firing_range
D:12:     minmay_chambers_of_sixes, layout_basic, david_orc_3, serial_shops,
          shop_coins
D:13:     layout_cross, hangedman_abyss_or_decor_passed,
          dreamdust_princess_bridge, uniq_jorgrun
D:14:     layout_irregular_city, david_vaults_2, hangedman_decor_points,
          kennysheep_generic_room_12
D:15:     gammafunk_depths_entry_grave, layout_loops_ring,
          nrook_guardian_serpent_double
Lair:1:   layout_chaotic_city, disabler_island, uniq_joseph
Lair:2:   layout_concentric_octagons, swamp_mist_pool
Lair:3:   beast_lair_carwin_large_4, layout_concentric_octagons,
          spider_nest_entry_web_field, ebering_ghost_rock_garden,
          eino_small_chamber_without_monster, minivault_25
Lair:4:   layout_regular_city
Lair:5:   hangedman_lair_caniforms_friends, layout_regular_city,
          nicolae_slime_entry_slimehenge, minmay_lair_oklob_bushes,
          serial_bayou_shore_a, lemuel_fruit_tree, grunt_megastairs_3,
          uniq_josephine
Swamp:1:  layout_falls_marsh, evilmike_swamp_ruin_rubble_1
Swamp:2:  nicolae_swamp_standing_stones, layout_basic_swamp,
          evilmike_swamp_ruin_house_1, beargit_elvish_explorers, uniq_kirke
Swamp:3:  layout_falls_marsh, hangedman_swamp_ruin_wall, swamp_pool1,
          uniq_louise
Swamp:4:  swamp_icy, layout_basic_swamp
Orc:1:    layout_caves, serial_shops, shop, nicolae_shop_trees,
          nicolae_shop_statue_plus, nicolae_shop_bloodbath_and_beyond,
          basic_altar, uniq_fannar, uniq_erica
Orc:2:    grunt_orc_community_town_hall, layout_caves,
          grunt_orc_community_big_house_1, grunt_orc_community_big_house_2,
          grunt_orc_community_house_1, grunt_orc_community_house_3,
          grunt_orc_community_house_3, grunt_orc_community_house_1,
          nicolae_volcano_entry_hallway, uniq_saint_roka

Skill      XL: |  1  2  3  4  5  6  7  8  9 10 11 12 13 14 15 16 17 |
---------------+----------------------------------------------------+-----
Armour         | 2 |  2.8
Unarmed Combat | 3 4 5 6 7 9 10 13 15 16 17 18 19 20 | 20.0
Dodging        | 2 3 4 6 8 9 11 12 14 15 16 18 | 18.1
Fighting       | 4 5 6 7 8 9 10 11 12 13 14 | 14.6

Action                   |  1- 3 |  4- 6 |  7- 9 | 10-12 | 13-15 | 16-18 || total
-------------------------+-------+-------+-------+-------+-------+-------++-------
Melee: Unarmed           |   115 |   220 |   437 |   702 |  1038 |   607 ||  3119
       Punch             |     1 |    10 |    14 |    60 |   123 |    61 ||   269
       Kick              |       |       |       |       |   318 |   199 ||   517
       Pair of quick bla |       |       |       |       |       |    11 ||    11
Invok: Berserk           |     2 |     4 |     8 |    19 |    14 |     4 ||    51
  Use: Scroll            |       |       |    11 |    12 |     7 |       ||    30
       Potion            |       |       |       |     1 |     2 |       ||     3
Armor: Animal skin       |    37 |    19 |       |       |       |       ||    56
       Robe              |       |    75 |    46 |       |       |       ||   121
       Leather armour    |       |       |     6 |       |       |       ||     6
       Ring mail         |       |       |    56 |    80 |       |       ||   136
       Acid dragon scale |       |       |       |   154 |   236 |       ||   390
       Chain mail        |       |       |       |       |    21 |   197 ||   218
Dodge: Dodged            |    88 |   187 |   386 |   742 |  1134 |   568 ||  3105
